 Dungeon Crawl Stone Soup version 0.31.0-12-g77e489cdc1 (webtiles) character file.

Game seed: 8475336140055184216

37 Killerpretzel the Changeling (level 3, -4/23 HPs)
             Began as an Octopode Shapeshifter on Mar 6, 2024.
             Slain by Robin
             ... wielding a +4 short sword of speed
              (6 damage)
             ... on level 2 of the Dungeon.
             The game lasted 00:01:08 (729 turns).

Killerpretzel the Changeling (Octopode Shapeshifter) Turns: 729, Time: 00:01:09

Health: -4/23      AC:  1    Str: 13    XL:     3   Next: 39%
Magic:  3/3        EV: 13    Int: 12    God:
Gold:   40         SH:  0    Dex: 13    Spells: 2/2 levels left

rFire   . .          .
                       - Unarmed
rCold   . . .        (no shield)
rNeg    . . .        (helmet currently unavailable)
rPois   .            (no amulet)
rElec   .            (no ring)
rCorr   .            (no ring)
SInv    .            (no ring)
Will    .....        (no ring)
Stlth   ++           (no ring)
HPRegen 0.23/turn    (no ring)
MPRegen 0.08/turn    (no ring)
                     (no ring)

%: no passive effects
@: beast-form
A: beast (slay +1), almost no armour, amphibious, 8 rings, camouflage 1,
gelatinous body 1, (nimble swimmer 1), tentacles
a: Begin Untransformation


You were on level 2 of the Dungeon.
You were a hulking beast.
You visited 1 branch of the dungeon, and saw 2 of its levels.

You collected 40 gold pieces.

Inventory:

Jewellery
 e - a ring of see invisible
Talismans
 b - a beast talisman
 c - a flux talisman
Potions
 a - a potion of lignification
 d - 3 potions of curing {unknown}
 f - 2 potions of degeneration {unknown}


   Skills:
 + Level 1.6 Fighting
 + Level 2.4 Dodging
 + Level 3.2 Unarmed Combat
 * Level 3.4 Shapeshifting


You had 2 spell levels left.
You didn't know any spells.
Your spell library was empty.

Dungeon Overview and Level Annotations

Branches:
Dungeon (1/15)

Altars:

Annotations:
D:2 Robin


Innate Abilities, Weirdness & Mutations

You are a hulking beast.
Your limbs bulge with bestial killing power. (Slay +1)
You cannot wear most types of armour.
You are amphibious.
You can wear up to eight rings at the same time.
Your skin changes colour to match your surroundings (Stealth+).
Your rubbery body absorbs attacks. (AC +1, EV +1)
((You are camouflaged when in or above water. (Stealth+)))
You have tentacles for arms and can constrict up to eight enemies at once.


Message History

You are too injured to fight recklessly!
You are too injured to fight recklessly!
You are too injured to fight recklessly!
You are too injured to fight recklessly!
You are too injured to fight recklessly!
You are too injured to fight recklessly!
You are too injured to fight recklessly!
You are too injured to fight recklessly!
There are monsters nearby!
You are too injured to fight recklessly!
You are too injured to fight recklessly!
You are too injured to fight recklessly!
You are too injured to fight recklessly!
You are too injured to fight recklessly!
You are too injured to fight recklessly!
You are too injured to fight recklessly!
You are too injured to fight recklessly!
You are too injured to fight recklessly!
You are too injured to fight recklessly!
There are monsters nearby!
You tentacle-slap the goblin.
You kill the goblin!
Robin says, "Bow before me, strongest of all the hobgoblins!"
Robin hits you with a +4 short sword of speed.
Robin closely misses you.
You closely miss Robin. You grab Robin. You constrict Robin, but do no damage.
Robin hits you with a +4 short sword of speed!
* * * LOW HITPOINT WARNING * * *
You bludgeon Robin!
Robin is heavily wounded.
You constrict Robin. Robin completely misses you.
Robin hits you with a +4 short sword of speed.
* * * LOW HITPOINT WARNING * * *
You tentacle-slap Robin.
Robin is severely wounded.
You constrict Robin.
A goblin comes into view. It is wielding a +0 club.
Robin hits you with a +4 short sword of speed.
You die...
Robin calls out, "Let's celebrate!
Time for a feast!"

#. .###..# #.#
#..g..# #
..!#...#.#.#.
#.#.........
#...))......
#.)!...#
##########.####
#.g.g......##
#h##........#
#.#.........#
#.#.........######
#...........##....
####........##.###
#.........#.#
#...........#
#......)..####
##..........##


You could see Robin and a goblin.

Vanquished Creatures
  2 dart slugs (D:1)
  3 bats
  3 endoplasms
  8 goblins
  2 hobgoblins (D:2)
  A kobold (D:2)
  2 quokkas
  3 ball pythons (D:2)
  A frilled lizard (D:1)
  5 rats
30 creatures vanquished.

Notes
Turn   | Place    | Note
-------+----------+-------------------------------------------
     0 | D:1      | Killerpretzel the Octopode Shapeshifter began the quest for
                  | the Orb.
     0 | D:1      | Reached XP level 1. HP: 13/13 MP: 1/1
   301 | D:1      | Reached XP level 2. HP: 18/18 MP: 2/2
   498 | D:1      | You fall into a shaft and drop 1 floor!
   549 | D:2      | Reached XP level 3. HP: 18/23 MP: 3/3
   706 | D:2      | Noticed Robin
   729 | D:2      | Slain by Robin

Illustrated notes

Levels and vault maps discovered:
D:1:      noname_arrival_rooms_in_the_neighbourhood, layout_loops_corners,
          chequers_serial_rivers_micro_c
D:2:      layout_basic, basic_altar, minmay_pentomino_v2, uniq_robin

Action                     || total
---------------------------++-------
  Melee: Unarmed           ||    57
         Constrict         ||     9
         Tentacles         ||     7
         Punch             ||     1
   Stab: Sleeping          ||     5
 Armour: Skin              ||    21
  Dodge: Dodged            ||    27
